SAA
WESTWOOD SIXSHOOTERS @ GURDON PELICANS
07/25/2020
 
TOP OF THE 1ST
Westwood Sixshooters batting - Pitching for Gurdon Pelicans : RHP Les Edwards
Pitching: RHP Les Edwards
Batting: RHB Barnett Armstrong 0-0: Ball
1-0: Ball
2-0: Foul Ball, location: 2F
2-1: Ball
3-1: Called Strike
3-2: Base on Balls
Batting: RHB Don Thomas 0-0: Ball
1-0: Ball
2-0: Foul Ball, location: 2F
2-1: Called Strike
2-2: Strikes out swinging
Batting: RHB Ángel Bruno 0-0: Fly out, F9 (Flyball, 9M)
Batting: RHB Brandon Cooper 0-0: Called Strike
0-1: Ball
1-1: Ball
2-1: Ball
3-1: DOUBLE (Line Drive, 9LM)
Barnett Armstrong to third
Runner from 3rd tries for Home, SAFE, no throw or cutoff
Batting: RHB Jorge Morales 0-0: Called Strike
0-1: Ball
1-1: Ball
2-1: Foul Ball, location: 2F
2-2: Ground out 6-3 (Groundball, 6)
Top of the 1st over - 1 run(s), 1 hit(s), 0 error(s), 1 left on base; Westwood 1 - Gurdon 0
BOTTOM OF THE 1ST
Gurdon Pelicans batting - Pitching for Westwood Sixshooters : RHP Ismael Barrios
Pitching: RHP Ismael Barrios
Batting: RHB José Muńóz 0-0: Ball
1-0: Ball
2-0: Ball
3-0: Base on Balls
Batting: SHB Carlos Kramer 0-0: Called Strike
0-1: Ball
1-1: Ball
2-1: Ball
3-1: Base on Balls
José Muńóz to second
Batting: LHB Jesús Reyes 0-0: Ball
1-0: Ball
2-0: Foul Ball, location: 2F
2-1: DOUBLE (Line Drive, 3D)
José Muńóz scores
Carlos Kramer to third
Runner from 3rd tries for Home, SAFE, no throw or cutoff
Batting: RHB Alex Maxwell 0-0: Foul Ball, location: 2F
0-1: Fly out, F7 (Flyball, 8LM)
Batting: RHB Riley Howard 0-0: Foul Ball, location: 2F
0-1: Ball
1-1: Swinging Strike
1-2: Ball
2-2: Strikes out swinging
Batting: RHB António Sánchez 0-0: Foul Ball, location: 2F
0-1: Ball
1-1: Foul Ball, location: 2F
1-2: Foul Ball, location: 2F
1-2: Ball
2-2: Foul Ball, location: 2F
2-2: Ball
3-2: Base on Balls
Batting: RHB Bobby Buck 0-0: Ball
1-0: Ball
2-0: Ball
3-0: Called Strike
3-1: Foul Ball, location: 2F
3-2: Base on Balls
Jesús Reyes to third
António Sánchez to second
Batting: RHB Tony Hernández 0-0: Ball
1-0: Ball
2-0: Called Strike
2-1: Foul Ball, location: 2F
2-2: Fly out, F6 (Line Drive, 6)
Bottom of the 1st over - 2 run(s), 1 hit(s), 0 error(s), 3 left on base; Westwood 1 - Gurdon 2
TOP OF THE 2ND
Westwood Sixshooters batting - Pitching for Gurdon Pelicans : RHP Les Edwards
Batting: RHB Ronnie Cleveland 0-0: Ball
1-0: Ball
2-0: Ball
3-0: Called Strike
3-1: Ground out 6-3 (Groundball, 6)
Batting: LHB José Martínez 0-0: Ball
1-0: Ball
2-0: Foul Ball, location: 2F
2-1: Ball
3-1: Base on Balls
Batting: RHB Javier Martínez 0-0: Called Strike
0-1: Foul Ball, location: 2F
0-2: Fly out, F9 (Popup, 4MD)
Batting: RHB Aurelio García 0-0: Called Strike
0-1: Ground out 6-3 (Groundball, 6)
Top of the 2nd over - 0 run(s), 0 hit(s), 0 error(s), 1 left on base; Westwood 1 - Gurdon 2
BOTTOM OF THE 2ND
Gurdon Pelicans batting - Pitching for Westwood Sixshooters : RHP Ismael Barrios
Batting: RHB Micah Miller 0-0: Fly out, F3 (Popup, 3F)
Batting: RHB José Muńóz 0-0: Ball
1-0: Ball
2-0: Foul Ball, location: 2F
2-1: Ball
3-1: Base on Balls
Batting: SHB Carlos Kramer 0-0: Ball
José Muńóz steals 2nd base
1-0: Foul Ball, location: 2F
1-1: Swinging Strike
1-2: Strikes out swinging
Batting: LHB Jesús Reyes 0-0: Foul Ball, location: 2F
0-1: Called Strike
0-2: Strikes out swinging
Bottom of the 2nd over - 0 run(s), 0 hit(s), 0 error(s), 1 left on base; Westwood 1 - Gurdon 2
TOP OF THE 3RD
Westwood Sixshooters batting - Pitching for Gurdon Pelicans : RHP Les Edwards
Batting: RHB Barnett Armstrong 0-0: Foul Ball, location: 2F
0-1: Foul Ball, location: 2F
0-2: Foul Ball, location: 2F
0-2: Foul Ball, location: 2F
0-2: Foul Ball, location: 2F
0-2: Ball
1-2: DOUBLE (Line Drive, 5L)
Batting: RHB Don Thomas 0-0: Swinging Strike
0-1: Foul Ball, location: 2F
0-2: Fly out, F3 (Popup, 3D)
Batting: RHB Ángel Bruno 0-0: Ball
1-0: SINGLE (Line Drive, 56D)
Barnett Armstrong to third
Runner from 3rd tries for Home, SAFE, no throw or cutoff
Batting: RHB Brandon Cooper 0-0: Ball
Ángel Bruno is caught stealing 2nd base
1-0: Foul Ball, location: 2F
1-1: Foul Ball, location: 2F
1-2: Ball
2-2: Ball
3-2: Base on Balls
Batting: RHB Jorge Morales 0-0: Ball
1-0: Ball
2-0: Foul Ball, location: 2F
2-1: Swinging Strike
2-2: Strikes out swinging
Top of the 3rd over - 1 run(s), 2 hit(s), 0 error(s), 1 left on base; Westwood 2 - Gurdon 2
BOTTOM OF THE 3RD
Gurdon Pelicans batting - Pitching for Westwood Sixshooters : RHP Ismael Barrios
Batting: RHB Alex Maxwell 0-0: Foul Ball, location: 2F
0-1: Ball
1-1: Foul Ball, location: 2F
1-2: Foul Ball, location: 2F
1-2: Ball
2-2: Ball
3-2: SOLO HOME RUN (Flyball, 7D), Distance : 387 ft
Batting: RHB Riley Howard 0-0: Ball
1-0: Ball
2-0: Reached on error, E5 (Groundball, 56)
Batting: RHB António Sánchez 0-0: Called Strike
0-1: Ball
1-1: Foul Ball, location: 2F
1-2: Strikes out swinging
Batting: RHB Bobby Buck 0-0: Called Strike
0-1: Ball
1-1: Ball
2-1: Swinging Strike
2-2: Strikes out looking
Batting: RHB Tony Hernández 0-0: Called Strike
0-1: Foul Ball, location: 2F
0-2: SINGLE (Groundball, 4)
Riley Howard to second
Riley Howard to third
Batting: RHB Micah Miller 0-0: Ball
1-0: Ball
2-0: Ball
3-0: Called Strike
3-1: Fly out, F6 (Line Drive, 6M)
Bottom of the 3rd over - 1 run(s), 2 hit(s), 1 error(s), 2 left on base; Westwood 2 - Gurdon 3
TOP OF THE 4TH
Westwood Sixshooters batting - Pitching for Gurdon Pelicans : RHP Les Edwards
Batting: RHB Ronnie Cleveland 0-0: Ball
1-0: Foul Ball, location: 2F
1-1: Foul Ball, location: 2F
1-2: Strikes out swinging
Batting: LHB José Martínez 0-0: Ball
1-0: Foul Ball, location: 2F
1-1: Foul Ball, location: 2F
1-2: Ball
2-2: Fly out, F9 (Flyball, 89M)
Batting: RHB Javier Martínez 0-0: Called Strike
0-1: Reached on error, E1 (Groundball, 25)
Batting: RHB Aurelio García 0-0: Fly out, F8 (Flyball, 8LM)
Top of the 4th over - 0 run(s), 0 hit(s), 1 error(s), 1 left on base; Westwood 2 - Gurdon 3
BOTTOM OF THE 4TH
Gurdon Pelicans batting - Pitching for Westwood Sixshooters : RHP Ismael Barrios
Batting: RHB José Muńóz 0-0: Bunt missed!
0-1: SINGLE (Groundball, 56D)
Batting: SHB Carlos Kramer 0-0: Called Strike
0-1: Called Strike
0-2: Ball
1-2: Grounds into double play, 1-6-3 (Groundball, 13S)
Batting: LHB Jesús Reyes 0-0: Called Strike
0-1: Foul Ball, location: 2F
0-2: Strikes out swinging, 2-3 out at first.
Bottom of the 4th over - 0 run(s), 1 hit(s), 0 error(s), 0 left on base; Westwood 2 - Gurdon 3
TOP OF THE 5TH
Westwood Sixshooters batting - Pitching for Gurdon Pelicans : RHP Les Edwards
Batting: RHB Barnett Armstrong 0-0: Ball
1-0: Swinging Strike
1-1: Ball
2-1: Ball
3-1: Base on Balls
Batting: RHB Don Thomas 0-0: Ball
Barnett Armstrong steals 2nd base
1-0: Swinging Strike
1-1: Swinging Strike
1-2: Foul Ball, location: 2F
1-2: Ball
2-2: Strikes out swinging
Batting: RHB Ángel Bruno 0-0: Ball
1-0: DOUBLE (Groundball, 5L)
Barnett Armstrong scores
Batting: RHB Brandon Cooper 0-0: Called Strike
0-1: Ball
1-1: Called Strike
1-2: Ball
2-2: Foul Ball, location: 2F
2-2: Foul Ball, location: 2F
2-2: Ball
3-2: Strikes out swinging
Batting: RHB Jorge Morales 0-0: Swinging Strike
0-1: Ball
1-1: Ball
2-1: Foul Ball, location: 2F
2-2: Strikes out swinging
Top of the 5th over - 1 run(s), 1 hit(s), 0 error(s), 1 left on base; Westwood 3 - Gurdon 3
BOTTOM OF THE 5TH
Gurdon Pelicans batting - Pitching for Westwood Sixshooters : RHP Ismael Barrios
Batting: RHB Alex Maxwell 0-0: Ball
1-0: Called Strike
1-1: Ball
2-1: Foul Ball, location: 2F
2-2: Ball
3-2: Foul Ball, location: 2F
3-2: Strikes out swinging
Batting: RHB Riley Howard 0-0: Foul Ball, location: 2F
0-1: Foul Ball, location: 2F
0-2: Foul Ball, location: 2F
0-2: SINGLE (Flyball, 8RS)
Batting: RHB António Sánchez 0-0: Foul Ball, location: 2F
0-1: Ball
1-1: Fielders Choice at 2nd, 4-6 (Groundball, 4M)
Batting: RHB Bobby Buck 0-0: Ball
1-0: Foul Ball, location: 2F
1-1: SINGLE (Groundball, 34D)
António Sánchez to second
Runner from 2nd tries for 3rd, SAFE, throw made to third
Batting: RHB Tony Hernández 0-0: Ball
Pickoff Throw to First - Out!
Bottom of the 5th over - 0 run(s), 2 hit(s), 0 error(s), 0 left on base; Westwood 3 - Gurdon 3
TOP OF THE 6TH
Westwood Sixshooters batting - Pitching for Gurdon Pelicans : RHP Les Edwards
Batting: RHB Ronnie Cleveland 0-0: Foul Ball, location: 2F
0-1: Ground out 3-1 (Groundball, 34)
Batting: LHB José Martínez 0-0: Ball
1-0: Foul Ball, location: 2F
1-1: Ball
2-1: Foul Ball, location: 2F
2-2: Ball
3-2: Foul Ball, location: 2F
3-2: Strikes out swinging
Batting: RHB Javier Martínez 0-0: Foul Ball, location: 2F
0-1: Foul Ball, location: 2F
0-2: Ball
1-2: Foul Ball, location: 2F
1-2: Ball
2-2: Foul Ball, location: 2F
2-2: Ball
3-2: Foul Ball, location: 2F
3-2: Strikes out swinging
Top of the 6th over - 0 run(s), 0 hit(s), 0 error(s), 0 left on base; Westwood 3 - Gurdon 3
BOTTOM OF THE 6TH
Gurdon Pelicans batting - Pitching for Westwood Sixshooters : RHP Ismael Barrios
Batting: RHB Tony Hernández 0-0: DOUBLE (Flyball, 7LM)
Batting: RHB Micah Miller 0-0: Intentional Walk
Pitching: LHP Jeremy Vance
Batting: RHB José Muńóz 0-0: Ball
1-0: Ball
2-0: Ball
3-0: Base on Balls
Tony Hernández to third
Micah Miller to second
Batting: SHB Carlos Kramer 0-0: Called Strike
0-1: Ball
1-1: Called Strike
1-2: Strikes out swinging
Batting: LHB Jesús Reyes 0-0: Ball
1-0: Ball
2-0: Called Strike
2-1: Fly out, F5 (Popup, 5L)
Batting: RHB Alex Maxwell 0-0: Ball
1-0: Foul Ball, location: 2F
1-1: Ball
2-1: Ball
3-1: Called Strike
3-2: Base on Balls
Tony Hernández scores
Micah Miller to third
José Muńóz to second
Batting: RHB Riley Howard 0-0: Swinging Strike
0-1: Swinging Strike
0-2: Ball
1-2: Ground out 4-3 (Groundball, 4MS)
Bottom of the 6th over - 1 run(s), 1 hit(s), 0 error(s), 3 left on base; Westwood 3 - Gurdon 4
TOP OF THE 7TH
Westwood Sixshooters batting - Pitching for Gurdon Pelicans : RHP Les Edwards
Batting: RHB Aurelio García 0-0: Ball
1-0: Ground out 5-3 (Groundball, 5L)
Batting: RHB Barnett Armstrong 0-0: Ball
1-0: Called Strike
1-1: SINGLE (Line Drive, 89S)
Pitching: RHP Ken Stewart
Pinch Hitting: LHB Davis Mills 0-0: Called Strike
0-1: Called Strike
0-2: Ball
1-2: Foul Ball, location: 2F
1-2: Reached on error, E3 (Groundball, 3L)
Barnett Armstrong to second
Batting: RHB Ángel Bruno 0-0: Fly out, F8 (Flyball, 8RM)
Batting: RHB Brandon Cooper 0-0: Ball
1-0: Ball
Reached via error on a dropped throw, E4
Barnett Armstrong to third
Davis Mills to second
Pinch Hitting: RHB Jason Boyer 0-0: SINGLE (Line Drive, 56D)
Barnett Armstrong scores
Davis Mills to third
Brandon Cooper to second
Runner from 3rd tries for Home, SAFE, no throw or cutoff
Pinch Hitting: LHB Luis Medina 0-0: Ground out 4-3 (Groundball, 4)
Top of the 7th over - 2 run(s), 2 hit(s), 2 error(s), 2 left on base; Westwood 5 - Gurdon 4
BOTTOM OF THE 7TH
Gurdon Pelicans batting - Pitching for Westwood Sixshooters : LHP Jeremy Vance
Now at 1B: Ernesto Valenzuela
Now at 3B: Luis Medina
Now in LF: Bob Howells
Batting: RHB António Sánchez 0-0: Foul Ball, location: 2F
0-1: Ball
1-1: Foul Ball, location: 2F
1-2: Strikes out looking
Batting: RHB Bobby Buck 0-0: Called Strike
0-1: Called Strike
0-2: Reached on error, E5 (Groundball, 5S)
Batting: RHB Tony Hernández 0-0: Ball
1-0: Foul Ball, location: 2F
1-1: Ground out 3-1 (Groundball, 34)
Bobby Buck to third
Batting: RHB Micah Miller 0-0: Called Strike
0-1: Foul Ball, location: 2F
0-2: Ball
1-2: Foul Ball, location: 2F
1-2: SINGLE (Groundball, 25) (infield hit)
Bobby Buck scores
Batting: RHB José Muńóz 0-0: Ground out 1-3 (Groundball, 13)
Bottom of the 7th over - 1 run(s), 1 hit(s), 1 error(s), 1 left on base; Westwood 5 - Gurdon 5
TOP OF THE 8TH
Westwood Sixshooters batting - Pitching for Gurdon Pelicans : RHP Ken Stewart
Batting: LHB José Martínez 0-0: Called Strike
0-1: Foul Ball, location: 2F
0-2: Foul Ball, location: 2F
0-2: Strikes out looking
Batting: RHB Javier Martínez 0-0: Called Strike
0-1: Ball
1-1: Called Strike
1-2: Strikes out swinging, 2-3 out at first.
Pinch Hitting: RHB Dave Sterling 0-0: Ball
1-0: Ball
2-0: Ball
3-0: Called Strike
3-1: Ground out 1-3 (Groundball, 13S)
Top of the 8th over - 0 run(s), 0 hit(s), 0 error(s), 0 left on base; Westwood 5 - Gurdon 5
BOTTOM OF THE 8TH
Gurdon Pelicans batting - Pitching for Westwood Sixshooters : LHP Jeremy Vance
Now in RF: Sergio Martínez
Batting: SHB Carlos Kramer 0-0: Ball
1-0: Ball
2-0: DOUBLE (Flyball, 89M)
Pinch Hitting: RHB António Alvarado 0-0: Called Strike
0-1: Swinging Strike
0-2: Ball
1-2: DOUBLE (Line Drive, 7LM)
Carlos Kramer scores
Batting: RHB Alex Maxwell 0-0: Intentional Walk
Batting: RHB Riley Howard 0-0: SINGLE (Line Drive, 8LS)
António Alvarado to third
Alex Maxwell to second
Batting: RHB António Sánchez 0-0: Ball
1-0: Called Strike
1-1: Swinging Strike
1-2: Ball
2-2: Ball
3-2: Base on Balls
António Alvarado scores
Alex Maxwell to third
Riley Howard to second
Pitching: RHP Ben Fallon
Batting: RHB Bobby Buck 0-0: Ball
1-0: Fly out, F8 (Flyball, 8RM)
Runner from 3rd tags up, SCORES, no throw
Batting: RHB Tony Hernández 0-0: Called Strike
0-1: Ball
1-1: Fly out, F8 (Flyball, 8RM)
Batting: RHB Micah Miller 0-0: Swinging Strike
0-1: Ball
1-1: Foul Ball, location: 2F
1-2: Strikes out swinging
Bottom of the 8th over - 3 run(s), 3 hit(s), 0 error(s), 2 left on base; Westwood 5 - Gurdon 8
TOP OF THE 9TH
Westwood Sixshooters batting - Pitching for Gurdon Pelicans : RHP Ken Stewart
Pitching: RHP Mike Lindsay
Now at 1B: António Alvarado
Now in LF: Lionel Merlet
Batting: RHB Barnett Armstrong 0-0: Swinging Strike
0-1: Fly out, F7 (Flyball, 7M)
Batting: SHB Ernesto Valenzuela 0-0: Ground out 1-3 (Groundball, 15S)
Batting: RHB Ángel Bruno 0-0: Ball
1-0: Ball
2-0: Called Strike
2-1: Called Strike
2-2: Strikes out looking
Top of the 9th over - 0 run(s), 0 hit(s), 0 error(s), 0 left on base; Westwood 5 - Gurdon 8
This league is powered by Out of the Park Baseball, the baseball management simulation game for PC, Mac and Linux
Friday, October 23rd, 2015 - OOTP Baseball 16.9 Build 39